 Dungeon Sprint DCSS version 0.31-a0-703-gcfe89afef6 (webtiles) character file.

Game seed: 17069465391249420262

6136 rocky1 the Carver (level 11, -1/89 HPs)
             Began as a Djinni Gladiator on Sept 9, 2023.
             Was an Initiate of Gozag.
             Slain by a polar bear (14 damage)
             ... in the Dungeon (Sprint IX: "|||||||||||||||||||||||||||||").
             The game lasted 00:06:26 (2050 turns).

rocky1 the Carver (Djinni Gladiator)                Turns: 2050, Time: 00:06:27

Health: -1/89      AC: 18    Str: 13    XL:     11   Next: 13%
Gold:   2073       EV: 14    Int: 12    God:    Gozag SH:  0 Dex: 20

rFire   + + .        m - +2 scimitar (holy)
rCold   x . .        (no shield)
rNeg    . . .        p - +1 chain mail
rPois   ∞            c - +0 helmet
rElec   .            g - +2 cloak {Will+}
rCorr   .            n - +0 pair of gloves
SInv    .            (boots unavailable)
Will    ++...        (no amulet)
Stlth   +            q - +3 ring of intelligence
HPRegen 0.34/turn    r - +2 ring of evasion
MPRegen 0.00/turn

%: no teleportation, infuse magic (-2 HP)
@: gold aura, flying
A: sickness immunity, fire resistance 2, cold vulnerability 1, float, innate
caster, HP casting, extra vitality 1
a: Renounce Religion, Potion Petition, Call Merchant, Bribe Branch


You were in the Dungeon.
You worshipped Gozag.
Gozag was most pleased with you.
You visited 1 branch You collected 2188 gold pieces.
You paid 115 gold pieces to Gozag.

Inventory:

Hand Weapons
 m - a +2 scimitar of holy wrath (weapon)
Missiles
 d - 3 throwing nets
 e - a javelin
Armour
 c - a +0 helmet (worn)
 g - a +2 cloak of willpower (worn)
 n - a +0 pair of gloves (worn)
 p - a +1 chain mail (worn)
Jewellery
 q - a +3 ring of intelligence (left hand)
 r - a +2 ring of evasion (right hand)
Wands
 l - a wand of roots (14) (quivered)
Scrolls
 b - 2 scrolls of enchant weapon
 o - 2 scrolls of fog
Potions
 f - 4 potions of curing
 h - a potion of mutation
 i - a potion of berserk rage
 j - 2 potions of heal wounds
Miscellaneous
 a - a phantom mirror


   Skills:
 + Level 12.0 Fighting
 + Level 14.6 Long Blades
 + Level 3.3 Throwing
 + Level 9.9 Armour
 + Level 11.0 Dodging
 - Level 7.5 Stealth
 + Level 3.1 Evocations


You knew the following spells:

 Your Spells              Type           Power      Damage    Failure   Level
a - Magic Dart            Conj           0%         1d3       98%         1
b - Jinxbite              Hex            0%         N/A       99%         2
c - Static Discharge      Conj/Air       0%         2-2/arc   99%         2
d - Petrify               Tmut/Erth      0%         N/A       100%        4
e - Dimensional Bullseye  Hex/Tloc       0%         N/A       100%        4
Your spell library was empty.


Dungeon Overview and Level Annotations

Branches:
Dungeon (1/1)

Altars:
Cheibriados
Dithmenos
Elyvilon
Fedhas
Gozag
Hepliaklqana
Makhleb
Nemelex Xobeh
Okawaru
Qazlal
Ru
Trog
Uskayaw
Wu Jian
Xom
Yredelemnul
Zin
The Shining One
Jiyva
Lugonu


Innate Abilities, Weirdness & Mutations

You are immune to sickness and miasma.
You are immune to poison.
Your flesh is very heat resistant. (rF++)
You are vulnerable to cold. (rC-)
You float through the air rather than walking.
You learn spells naturally, not from books.
Your magical power is your life essence.
You have superior vitality. (+4 MHP)


Message History

The wolf pauses to sniff the ground.
You slash the black mamba!
The black mamba is heavily wounded.
The black mamba bites you.
The water moccasin is distracted by your dazzling golden aura.
The black mamba bites you.
The water moccasin hisses angrily.
You slice the black mamba!!
You kill the black mamba!
Your Fighting skill increases to level 12!
You hit the polar bear but do no damage.
The polar bear bites you but does no damage.
The polar bear misses you.
The polar bear claws you but does no damage.
You slash the polar bear!
The polar bear is moderately wounded.
You barely miss the polar bear. You punch the polar bear.
The polar bear is moderately wounded.
The water moccasin is no longer distracted by gold.
The polar bear misses you. The polar bear barely misses you.
The polar bear claws you but does no damage.
You slash the polar bear!
The polar bear is severely wounded.
The polar bear goes berserk!
You slash the polar bear!
The polar bear is almost dead.
The polar bear bites you!
* * * LOW HITPOINT WARNING * * *
The polar bear barely misses you. The polar bear misses you.
You hit the polar bear but do no damage.
The polar bear is almost dead.
The polar bear bites you.
* * * LOW HITPOINT WARNING * * *
The polar bear closely misses you. The polar bear barely misses you.
As you read the scroll of fear, it crumbles to dust.
You assume a fearsome visage.
The water moccasin looks frightened! x2
The komodo dragon looks frightened!
The wolf looks frightened!
The polar bear is unaffected.
The polar bear bites you!
You die...
Your body crumbles into a pile of gold.

▓▓▓▓▓▓▓▓▓▓▓▓▓▓▓▓▓▓▓▓▓▓▓▓▓▓▓▓▓▓▓▓▓
...)?!'________________________')
▓▓▓▓▓▓▓▓▓▓▓▓▓▓▓▓▓▓▓▓▓▓▓▓▓▓▓▓▓▓▓▓▓
.................................
▓▓▓▓▓▓▓▓▓▓▓▓▓▓▓▓▓▓▓▓▓▓▓▓▓▓▓▓▓▓▓▓▓
.SS.hlh@.........'......
▓▓▓▓▓▓▓▓▓▓▓▓▓▓▓▓▓▓▓▓▓▓▓▓


You could see a polar bear (berserk), a komodo dragon (fleeing), 2 water
moccasins and a wolf (fleeing).

Vanquished Creatures
  A boulder beetle (D)
  A catoblepas (D)
  2 two-headed ogres (D)
  A manticore (D)
  Maurice (D)
  A torpor snail (D)
  A black mamba (D)
  2 cane toads (D)
  A komodo dragon (D)
  A hornet (D)
  A troll (D)
  2 wyverns (D)
  2 yaks (D)
  4 water moccasins (D)
  An acid dragon (D)
  2 wolves (D)
  An ogre (shapeshifter) (D)
  A kobold brigand (D)
  A bullfrog (D)
  A gnoll bouda (D)
  An adder (D)
  A shadow imp (D)
  An ufetubus (D)
  A dart slug (D)
  A giant cockroach (D)
  A goblin (D)
  A hobgoblin (D)
  A ball python (D)
36 creatures vanquished.

Notes
Turn   | Place    | Note
-------+----------+-------------------------------------------
     0 | D        | rocky1 the Djinni Gladiator began the quest for the Orb.
     0 | D        | Reached XP level 1. HP: 18/18 MP: 0/0
     8 | D        | Reached skill level 3 in Long Blades
    13 | D        | Reached XP level 2. HP: 18/23 MP: 0/0
    37 | D        | Noticed a water moccasin
    42 | D        | Reached skill level 4 in Long Blades
    42 | D        | Reached XP level 3. HP: 25/29 MP: 0/0
    42 | D        | Learned a level 1 spell: Magic Dart
    44 | D        | Reached skill level 5 in Dodging
    54 | D        | Killed a water moccasin
    55 | D        | Reached skill level 6 in Long Blades
    55 | D        | Reached XP level 4. HP: 5/37 MP: 0/0
    55 | D        | Reached XP level 5. HP: 6/41 MP: 0/0
    55 | D        | Learned a level 2 spell: Jinxbite
    68 | D        | Reached skill level 7 in Long Blades
    68 | D        | Reached skill level 1 in Armour
   127 | D        | Found a snail-covered altar of Cheibriados.
   127 | D        | Found a shadowy altar of Dithmenos.
   127 | D        | Found a white marble altar of Elyvilon.
   127 | D        | Found a blossoming altar of Fedhas.
   127 | D        | Found an opulent altar of Gozag.
   128 | D        | Found a hazy altar of Hepliaklqana.
   129 | D        | Found a viscous altar of Jiyva.
   131 | D        | Found a corrupted altar of Lugonu.
   132 | D        | Found a burning altar of Makhleb.
   133 | D        | Found a sparkling altar of Nemelex Xobeh.
   134 | D        | Found an iron altar of Okawaru.
   135 | D        | Became a worshipper of Gozag Ym Sagoz the Greedy
   136 | D        | Found a stormy altar of Qazlal.
   137 | D        | Found a sacrificial altar of Ru.
   139 | D        | Found a bloodstained altar of Trog.
   140 | D        | Found a hide-covered altar of Uskayaw.
   142 | D        | Found an ornate altar of the Wu Jian Council.
   143 | D        | Found a shimmering altar of Xom.
   144 | D        | Found a basalt altar of Yredelemnul.
   145 | D        | Found a glowing silver altar of Zin.
   146 | D        | Found a glowing golden altar of the Shining One.
   205 | D        | Noticed a wyvern
   205 | D        | Noticed a kobold brigand
   205 | D        | Noticed an acid dragon
   205 | D        | Noticed a two-headed ogre
   205 | D        | Noticed a yak
   205 | D        | Noticed a hornet
   213 | D        | Killed a hornet
   214 | D        | Reached skill level 5 in Fighting
   214 | D        | Reached skill level 9 in Long Blades
   214 | D        | Reached skill level 1 in Stealth
   214 | D        | Reached XP level 6. HP: 29/50 MP: 0/0
   214 | D        | Reached XP level 7. HP: 32/55 MP: 0/0
   214 | D        | Learned a level 2 spell: Static Discharge
   217 | D        | Killed a yak
   222 | D        | Killed a two-headed ogre
   223 | D        | Reached skill level 10 in Long Blades
   223 | D        | Reached XP level 8. HP: 32/64 MP: 0/0
   227 | D        | Reached skill level 10 in Dodging
   238 | D        | Killed a wyvern
   239 | D        | Reached skill level 11 in Long Blades
   519 | D        | Noticed a boulder beetle
   519 | D        | Noticed a troll
   519 | D        | Noticed a two-headed ogre
   519 | D        | Noticed a manticore
   519 | D        | Noticed a queen bee
   519 | D        | Noticed a catoblepas
   527 | D        | Killed a catoblepas
   528 | D        | Reached skill level 5 in Stealth
   528 | D        | Reached XP level 9. HP: 71/71 MP: 0/0
   528 | D        | Learned a level 4 spell: Petrify
   530 | D        | a queen bee changed into a black bear
   545 | D        | Killed a manticore
   546 | D        | Reached skill level 12 in Long Blades
   546 | D        | Reached skill level 5 in Armour
   588 | D        | Killed a two-headed ogre
   603 | D        | Reached skill level 1 in Evocations
   606 | D        | Killed a troll
   607 | D        | Reached skill level 13 in Long Blades
   607 | D        | Reached XP level 10. HP: 58/79 MP: 0/0
   627 | D        | Killed a boulder beetle
   628 | D        | Reached skill level 10 in Fighting
  1207 | D        | Noticed Maurice
  1234 | D        | Killed Maurice
  1586 | D        | Noticed a cane toad
  1586 | D        | Noticed a komodo dragon
  1586 | D        | Noticed a cane toad
  1604 | D        | Killed a cane toad
  1625 | D        | Killed a komodo dragon
  1626 | D        | Reached skill level 14 in Long Blades
  1633 | D        | Killed a cane toad
  2018 | D        | Noticed a black mamba
  2018 | D        | Noticed a torpor snail
  2021 | D        | Noticed a komodo dragon
  2027 | D        | Reached XP level 11. HP: 74/88 MP: 0/0
  2027 | D        | Learned a level 4 spell: Dimensional Bullseye
  2050 | D        | Slain by a polar bear

Illustrated notes

Levels and vault maps discovered:
D:        linesprint [early_d, line_temple, items_1, d_10, items_2, lair_1,
          lair_end, items_3, orc_1, orc_end, items_4, d_15, swamp_1, shoals_1,
          snake_1, spider_1, d_20, vaults_1, items_5, swamp_end, shoals_end,
          snake_end, spider_end, vaults_end, d_27, items_6, zot_1, zot_end,
          crypt_end, forest_end, elf_end, slime_end, tomb_end, abyss_end,
          pan_hell_end]

Skill      XL: |  1  2  3  4  5  6  7  8  9 10 11 |
---------------+----------------------------------+-----
Long Blades    | 3 4 6 9 10 11 13 14 | 14.6
Dodging        | 4 7 9 10 11 | 11.0
Throwing       | 2 3 |  3.3
Fighting       | 4 5 7 8 9 11 12 | 12.0
Armour         | 1 3 4 7 9 |  9.9
Stealth        | 1 3 5 7 |  7.5
Evocations     | 1 2 3 |  3.1

Action                     |  1- 3 |  4- 6 |  7- 9 | 10-12 || total
---------------------------+-------+-------+-------+-------++-------
  Melee: Long sword        |    27 |    12 |       |       ||    39
         Punch             |     1 |       |     1 |     3 ||     5
         Scimitar          |       |     7 |    49 |   131 ||   187
 Invoke: Potion Petition   |       |       |       |     1 ||     1
  Evoke: Wand              |       |       |     7 |     1 ||     8
    Use: Potion            |       |     2 |     7 |       ||     9
         Scroll            |       |       |     2 |     3 ||     5
   Stab: Invisible         |       |     3 |     6 |       ||     9
         Distracted        |       |       |       |     1 ||     1
 Armour: Leather armour    |    19 |     1 |       |       ||    20
         Chain mail        |       |     5 |    45 |    55 ||   105
  Dodge: Dodged            |    19 |    15 |    31 |    51 ||   116

Table legend: (Time is in decaauts)
 A = Elapsed time spent in this place.
 B = Non-inter-level travel time spent in this place.
 C = Inter-level travel time spent in this place.
 D = Time resting spent in this place.
 E = Time spent auto-exploring this place.
 F = Levels seen in this place.
 G = Mean time per level.
                   A        B        C        D        E       F      G
               +--------+--------+--------+--------+--------+-----+--------+
         Total |   2011 |   2011 |      0 |   1435 |      0 |   1 | 2011.0 |
       Dungeon |   2011 |   2011 |      0 |   1435 |      0 |   1 | 2011.0 |
               +--------+--------+--------+--------+--------+-----+--------+

Top non-repeatable levels by time:
       D: 2011 daAuts
